 Dungeon Sprint DCSS version 0.20.1-1-g8b1a95d (webtiles) character file.

6241 Jannitor the Warrior (level 10, -8/107 HPs)
             Began as a Ghoul Chaos Knight on Aug 19, 2017.
             Mangled by a centaur warrior (11 damage)
             ... in the Dungeon (Sprint I: "Red Sonja").
             The game lasted 00:04:21 (1431 turns).

Jannitor the Warrior (Ghoul Chaos Knight)           Turns: 1431, Time: 00:04:23

Health: -8/107     AC:  5    Str: 17    XL:     10   Next: 93%
Magic:  18/18      EV: 18    Int:  7    God:    Xom [*.....]
Gold:   679        SH:  0    Dex: 11    Spells: 9/9 levels left

rFire    . . .     SeeInvis .     - Unarmed
rCold    + + .     Gourm    .   (no shield)
rNeg     + + +     Faith    .   a - +2 leather armour
rPois    ∞         Spirit   .   (no helmet)
rElec    .         Reflect  .   (no cloak)
rCorr    .         Harm     .   (no gloves)
MR       .....     NoTele   +   (no boots)
Stlth    +.........             (no amulet)
Regen    0.0/turn               e - ring of protection from cold
MPRegen  0.2/turn               l - ring of magical power (curse)

@: rotting
A: rotting body, claws 1, carnivore 3, cold resistance 1, negative energy
resistance 3, inhibited regeneration, torment resistance, unbreathing
a: Renounce Religion


You were in the Dungeon.
You worshipped Xom.
You were a special plaything of Xom.
You were not hungry.

You visited 1 branch You collected 729 gold pieces.
You spent 50 gold pieces at shops.

Inventory:

Armour
 a - a +2 leather armour (worn)
 j - a +1 robe of magic resistance
Jewellery
 e - a ring of protection from cold (left claw)
 l - a cursed ring of magical power (right claw)
Wands
 d - a wand of acid (0/15)
Scrolls
 h - a scroll of blinking
 i - a scroll of immolation {unknown}
 k - a scroll of vulnerability {unknown}
 m - a scroll of recharging {unknown}
 n - a scroll of identify {unknown}
Potions
 c - 3 potions of curing
 f - 2 potions of magic
 g - a potion of berserk rage
Comestibles
 b - 2 meat rations


   Skills:
 + Level 15.7 Fighting
 - Level 1.7 Armour
 + Level 13.3 Dodging
 + Level 15.7 Unarmed Combat


You had 9 spell levels left.
You didn't know any spells.

Dungeon Overview and Level Annotations

Branches:
Dungeon (1/1)

Altars:
Cheibriados
Dithmenos
Elyvilon
Fedhas
Gozag
Hepliaklqana
Kikubaaqudgha
Makhleb
Nemelex Xobeh
Okawaru
Qazlal
Ru
Sif Muna
Trog
Uskayaw
Vehumet
Xom
Yredelemnul
Zin
The Shining One
Jiyva
Lugonu

Shops:
D %(


Innate Abilities, Weirdness & Mutations

Your body is rotting away.
You thrive on raw meat.
You are immune to poison.
You have sharp fingernails.
You are carnivorous and can eat meat at any time.
Your flesh is cold resistant. (rC+)
You are immune to negative energy. (rN+++)
You do not regenerate when monsters are visible.
You are immune to unholy pain and torment.
You can survive without breathing.


Message History

Unknown command.
You mangle the centaur warrior!!
The centaur warrior is almost dead.
The centaur warrior hits you.
* * * LOW HITPOINT WARNING * * *
The centaur warrior hits you but does no damage.
Unknown command.
Unknown command.
You feel better. The centaur warrior barely misses you.
The centaur warrior hits you!
* * * LOW HITPOINT WARNING * * *
Unknown command.
Unknown command.
You mangle the centaur warrior!!
You kill the centaur warrior!
The centaur warrior hits you!
* * * LOW HITPOINT WARNING * * *
The centaur warrior hits you!
You die...
Xom guffaws!

################
#..)..#..'..#__#∆∆ ∆∆
∆∆ '[.#..+).#..'..+∆∆
∆ #####'#####'#__####
∆ ∆
####..#...#.####§[# ∆
∆
#__####..##§#≈§§§c#∆∆
∆ #_____##'#.§§≈§§@§+
∆
#_.∩...'(..§#§§(§§#∆∆
∆ ∆∆∆
#_..__##_.#'##§####
#_____###(#.#§§..# ∆
#########.####'###∆ ∆
.......'...'.....+∆
∆∆ ''''####...#######
∆ ∆∆ ∆∆ .....####.###
∆ ∆∆∆∆∆∆
......#.#'#.# ∆
∆∆∆∆∆∆


You could see a centaur warrior.

Vanquished Creatures
  A centaur warrior (D)
  A deep troll (D)
  A sea snake (D)
  8 shining eyes (D)
  A slime creature (D)
  Sigmund (D)
  A yak (D)
  3 floating eyes (D)
  An ogre (D)
  A jelly (D)
  Ijyb (D)
  2 ballistomycetes (D)
22 creatures vanquished.

Vanquished Creatures (others)
  Sonja (D)
  A gargoyle (D)
  2 ballistomycete spores (D)
4 creatures vanquished.

Grand Total: 26 creatures vanquished

Notes
Turn   | Place    | Note
-------+----------+-------------------------------------------
     0 | D        | Jannitor the Ghoul Chaos Knight began the quest for the Orb.
     0 | D        | Reached XP level 1. HP: 19/19 MP: 0/0
     1 | D        | Noticed Ijyb
    16 | D        | XOM: silly message
    20 | D        | XOM: god gift: wand of acid (?/15) {god gift}
    22 | D        | Killed Ijyb
    22 | D        | Reached XP level 2. HP: 23/28 MP: 1/1
    22 | D        | Reached XP level 3. HP: 29/35 MP: 2/2
    45 | D        | Noticed an ogre
    49 | D        | Killed an ogre
    49 | D        | Reached XP level 4. HP: 38/45 MP: 3/3
    98 | D        | Noticed Sigmund
   107 | D        | Killed Sigmund
   107 | D        | Reached XP level 5. HP: 30/55 MP: 4/4
   107 | D        | Reached XP level 6. HP: 33/61 MP: 5/5
   203 | D        | Killed a gargoyle
   206 | D        | XOM: scenery: 1 doors open, 1 doors close
   217 | D        | Found a deep blue altar of Sif Muna.
   219 | D        | Found a radiant altar of Vehumet.
   259 | D        | Found a viscous altar of Jiyva.
   259 | D        | Found a corrupted altar of Lugonu.
   259 | D        | Noticed a slime creature
   260 | D        | Found a burning altar of Makhleb.
   260 | D        | Found a shimmering altar of Xom.
   267 | D        | XOM: smoke on damage
   271 | D        | Killed a slime creature
   271 | D        | Reached XP level 7. HP: 22/71 MP: 6/6
   342 | D        | Found Juehipse's Weapon Emporium.
   342 | D        | Found an ancient bone altar of Kikubaaqudgha.
   342 | D        | Found a hazy altar of Hepliaklqana.
   342 | D        | Found a hide-covered altar of Uskayaw.
   342 | D        | Found a basalt altar of Yredelemnul.
   342 | D        | Found an opulent altar of Gozag.
   342 | D        | Found a snail-covered altar of Cheibriados.
   342 | D        | Found a sacrificial altar of Ru.
   342 | D        | Found a shadowy altar of Dithmenos.
   342 | D        | Noticed a yak
   348 | D        | Killed a yak
   348 | D        | Reached skill level 10 in Fighting
   348 | D        | Reached skill level 10 in Unarmed Combat
   349 | D        | Found a stormy altar of Qazlal.
   349 | D        | Found a blossoming altar of Fedhas.
   349 | D        | Found a bloodstained altar of Trog.
   349 | D        | Found an iron altar of Okawaru.
   349 | D        | Found a glowing golden altar of the Shining One.
   349 | D        | Found a glowing silver altar of Zin.
   349 | D        | Found a white marble altar of Elyvilon.
   512 | D        | XOM: scenery: 3 doors open, 1 doors close
   513 | D        | Noticed Sonja
   538 | D        | Killed Sonja
   538 | D        | Reached XP level 8. HP: 54/82 MP: 7/7
   664 | D        | Found a sparkling altar of Nemelex Xobeh.
   685 | D        | Noticed a centaur warrior
   749 | D        | Found Guys's Food Boutique.
   752 | D        | Noticed a shining eye
   752 | D        | Noticed a shining eye
   752 | D        | Noticed a shining eye
   752 | D        | Noticed a shining eye
   752 | D        | Noticed a shining eye
   752 | D        | Noticed a shining eye
   753 | D        | XOM: divination: detect items
   755 | D        | Paralysed by a floating eye for 3 turns
   758 | D        | XOM: enchant monster (good)
   766 | D        | Killed a shining eye
   766 | D        | Reached skill level 10 in Dodging
   766 | D        | Reached XP level 9. HP: 90/90 MP: 8/8
   772 | D        | Killed a shining eye
   772 | D        | XOM: cleaving
   780 | D        | XOM: fake destruction
   781 | D        | Killed a shining eye
   785 | D        | Killed a shining eye
   785 | D        | XOM: swap monsters
   788 | D        | Killed a shining eye
   788 | D        | Reached XP level 10. HP: 102/102 MP: 9/9
   791 | D        | Killed a shining eye
   798 | D        | Noticed a shining eye
   798 | D        | Noticed a shining eye
   800 | D        | Paralysed by a floating eye for 3 turns
   801 | D        | Noticed a sea snake
   801 | D        | a floating eye changed into a sea snake
   801 | D        | XOM: polymorph floating eye -> sea snake
   809 | D        | Killed a sea snake
   816 | D        | Killed a shining eye
   816 | D        | Reached skill level 15 in Fighting
   816 | D        | Reached skill level 15 in Unarmed Combat
   820 | D        | Killed a shining eye
  1013 | D        | Bought a meat ration for 50 gold pieces
  1116 | D        | XOM: medium Hex miscast
  1203 | D        | Noticed a deep troll
  1212 | D        | Killed a deep troll
  1217 | D        | XOM: medium Chrm miscast
  1423 | D        | Noticed a centaur warrior
  1431 | D        | Killed a centaur warrior
  1431 | D        | HP: 3/107 [centaur warrior (9)]
  1431 | D        | Mangled by a centaur warrior

Skill      XL: |  1  2  3  4  5  6  7  8  9 10 |
---------------+-------------------------------+-----
Fighting       | 4 6 8 9 11 12 14 15 | 15.7
Dodging        | 3 4 6 7 9 10 12 13 | 13.3
Unarmed Combat | 4 6 8 9 11 12 14 15 | 15.7
Armour         | |  1.7

Action                   |  1- 3 |  4- 6 |  7- 9 | 10-12 || total
-------------------------+-------+-------+-------+-------++-------
Melee: Unarmed           |    20 |    19 |    42 |    39 ||   120
       Punch             |       |       |     6 |     3 ||     9
Evoke: Wand              |     2 |     1 |       |       ||     3
  Use: Potion            |     1 |     1 |       |     1 ||     3
  Eat: Chunk             |     1 |     1 |       |       ||     2
Armor: Leather armour    |     3 |     3 |     4 |     2 ||    12
Dodge: Dodged            |     9 |     5 |    13 |    16 ||    43
